 Dungeon Crawl Stone Soup version 0.27-a0-650-g8dd3ea4f36 (webtiles) character file.

Game seed: 13931195862492733553

114 MalarOregon the Chiller (level 5, -1/34 HPs)
             Began as a Halfling Ice Elementalist on Mar 16, 2021.
             Slain by a gnoll
             ... wielding a +0 spear
              (7 damage)
             ... on level 2 of the Dungeon.
             The game lasted 00:04:01 (2264 turns).

MalarOregon the Chiller (Halfling Ice Elementalist) Turns: 2264, Time: 00:04:02

Health: -1/34      AC:  2    Str:  9    XL:     5   Next: 18%
Magic:  1/8        EV: 15    Int: 14    God:
Gold:   91         SH:  0    Dex: 15    Spells: 7/8 levels left

rFire    . . .     SeeInvis .   f - +1 short sword (freeze)
rCold    . . .     Faith    .   (shield restricted)
rNeg     + . .     Spirit   .   a - +0 robe
rPois    .         Reflect  .   (no helmet)
rElec    .         Harm     .   (no cloak)
rCorr    .         Rampage  .   (no gloves)
Will     .....                  (no boots)
Stlth    ++........             (no amulet)
HPRegen  0.11/turn              e - ring of positive energy
MPRegen  0.11/turn              (no ring)

@: no status effects
A: small, no large weapons, mutation resistance 1
a: no special abilities


You were on level 2 of the Dungeon.
You visited 1 branch of the dungeon, and saw 2 of its levels.

You collected 91 gold pieces.

Inventory:

Hand Weapons
 f - a +1 short sword of freezing (weapon)
   (You took it off a kobold on level 1 of the Dungeon)
Armour
 a - a +0 robe (worn)
Jewellery
 e - a ring of positive energy (right hand)
   (You found it on level 1 of the Dungeon)
Scrolls
 b - 2 scrolls of enchant armour {unknown}
 d - 2 scrolls of identify {unknown}
 g - a scroll of noise {unknown}
 h - a scroll of blinking {unknown}
 i - a scroll of immolation {unknown}
 j - a scroll of teleportation {unknown}
Potions
 c - a potion of haste {unknown}


   Skills:
 + Level 1.8 Fighting
 + Level 3.3 Dodging
 - Level 2.1 Stealth
 + Level 2.2 Spellcasting
 + Level 4.5 Ice Magic


You had 7 spell levels left.
You knew the following spells:

 Your Spells              Type           Power      Damage    Failure   Level
a - Freeze                Ice            56%        1d7       3%          1

Your spell library contained the following spells:

 Spells                   Type           Power      Damage    Failure   Level
 Frozen Ramparts          Ice            28%        1d4       11%         3
 Ozocubu's Armour         Ice            14%        N/A       11%         3
 Hailstorm                Conj/Ice       7%         3d4       65%         4
 Summon Ice Beast         Ice/Summ       7%         N/A       65%         4


Dungeon Overview and Level Annotations

Branches:
Dungeon (2/15)

Altars:
Yredelemnul


Innate Abilities, Weirdness & Mutations

You are small and have problems with some larger weapons.
You are somewhat resistant to further mutation.


Message History

You kill the dart slug!
You can't see any susceptible monsters within range! (Use Z to cast anyway.)
You can't see any susceptible monsters within range! (Use Z to cast anyway.)
A gnoll comes into view.
You see here a scroll labelled ASTUEFRIENI.
A gnoll comes into view. It is wielding a +0 whip.
The gnoll shouts!
A gnoll comes into view.
The gnoll shouts! x2
A gnoll comes into view. It is wielding a +0 spear.
You hear a shout!
Found a stone staircase leading down.
Unknown command.
You freeze the gnoll. The gnoll barely misses you.
You freeze the gnoll. The gnoll closely misses you.
You freeze the gnoll. The gnoll completely misses you.
The gnoll barely misses you.
You freeze the gnoll.
You kill the gnoll!
The gnoll shouts!
The gnoll completely misses you. The gnoll hits you with a +0 whip.
You freeze the gnoll. The gnoll hits you.
You freeze the gnoll. The gnoll completely misses you.
You freeze the gnoll. The gnoll barely misses you.
You freeze the gnoll.
You kill the gnoll!
You have reached level 5!
You feel agile.
You freeze the gnoll! The gnoll barely misses you.
You hit the gnoll. You freeze the gnoll.
The gnoll hits you from afar with a +0 spear.
The gnoll misses you.
You miscast Freeze.
You are very lightly contaminated with residual magic.
Nothing appears to happen.
The gnoll completely misses you. The gnoll hits you with a +0 whip!
* * * LOW HITPOINT WARNING * * *
Your magical contamination has completely faded away.
You are too injured to fight recklessly!
Aim: a gnoll, wielding a +0 whip (severely wounded)
You freeze the gnoll.
You kill the gnoll!
Things that are here:
a +0 dagger; a kobold skeleton The gnoll hits you with a +0 spear!
* * * LOW HITPOINT WARNING * * *
Aim: a gnoll, wielding a +0 spear You freeze the gnoll!
The gnoll hits you with a +0 spear!
You die...

........###.#..# #.#
........##.###.# #.#
....$.?.###.#.## #.#
....(..## ##.## #g#
###.#### #..# #.#
#############.## #g####
..#..#.(#..'...####....#
#...##.##.##...#.#####.#
##..#..#..#...##@# #.#
.##)†.##.##...##g# #.#
..##..#..#...###.# #.#
...##...##...#.#.# #.#
....##..#...##.#.## #)#
.....####...#..##.## #.#
).....##...##.####.###.#
#......#...#...# ##.)..#
##........##.#(###.#####


You could see a gnoll.

Vanquished Creatures
  3 gnolls (D:2)
  2 adders (D:2)
  3 worms (D:2)
  4 dart slugs
  2 leopard geckos (D:1)
  4 giant cockroaches
  2 hobgoblins
  4 jackals (D:2)
  9 kobolds
  4 bats
  2 frilled lizards
  6 goblins
  2 rats (D:1)
47 creatures vanquished.

Notes
Turn   | Place    | Note
-------+----------+-------------------------------------------
     0 | D:1      | MalarOregon the Halfling Ice Elementalist began the quest
                  | for the Orb.
     0 | D:1      | Reached XP level 1. HP: 11/11 MP: 3/3
   238 | D:1      | Reached XP level 2. HP: 16/18 MP: 1/4
   573 | D:1      | Reached skill level 1 in Fighting
   577 | D:1      | Reached XP level 3. HP: 16/23 MP: 1/5
  1052 | D:2      | Found a basalt altar of Yredelemnul.
  1490 | D:2      | Reached XP level 4. HP: 17/28 MP: 2/7
  2219 | D:2      | Reached XP level 5. HP: 25/34 MP: 0/8
  2264 | D:2      | Slain by a gnoll

Illustrated notes

Levels and vault maps discovered:
D:1:      saegor_arrival_miasma, layout_rooms
D:2:      minmay_razor_zed, layout_loops_ring, nicolae_ru_the_path_less_chosen,
          lemuel_coloured_pillars_altar, yredelemnul_altar_generic

Skill      XL: |  1  2  3  4 |
---------------+-------------+-----
Fighting       | 1 |  1.8
Spellcasting   | 2 |  2.2
Dodging        | 3 |  3.3
Stealth        | |  2.1
Ice Magic      | |  4.5

Action                   |  1- 3 |  4- 6 || total
-------------------------+-------+-------++-------
Melee: Short sword       |    47 |    14 ||    61
       Unarmed           |     3 |       ||     3
 Cast: Freeze            |    35 |    28 ||    63
 Stab: Sleeping          |     1 |     1 ||     2
Armor: Robe              |    10 |     2 ||    12
Dodge: Dodged            |    68 |    36 ||   104

Table legend: (Time is in decaauts)
 A = Elapsed time spent in this place.
 B = Non-inter-level travel time spent in this place.
 C = Inter-level travel time spent in this place.
 D = Time resting spent in this place.
 E = Time spent auto-exploring this place.
 F = Levels seen in this place.
 G = Mean time per level.
                   A        B        C        D        E       F      G
               +--------+--------+--------+--------+--------+-----+--------+
         Total |   2268 |   2263 |      5 |     74 |   1825 |   2 | 1134.0 |
       Dungeon |   2268 |   2263 |      5 |     74 |   1825 |   2 | 1134.0 |
               +--------+--------+--------+--------+--------+-----+--------+

Top non-repeatable levels by time:
     D:2: 1276 daAuts
     D:1: 991 daAuts
